 Dungeon Crawl Stone Soup version 0.30.1-4-g462c640d31 (webtiles) character file.

Game seed: 15004207393863184175

1887 spardeous the Destroyer (level 8, -2/54 (57) HPs)
             Began as a Demigod Conjurer on Sept 1, 2023.
             Shot with a bolt by an orc warrior (19 damage)
             ... on level 7 of the Dungeon.
             The game lasted 00:13:46 (9801 turns).

spardeous the Destroyer (Demigod Conjurer)          Turns: 9801, Time: 00:13:47

HP:   -2/54 (57)    AC:  6    Str:  8    XL:     8   Next: 61%
MP:   20/31         EV: 10    Int: 28    God:
Gold: 234           SH:  0    Dex: 12    Spells: 11/21 levels left

rFire   . . .        y - +5 whip
rCold   + . .        (no shield)
rNeg    . . .        E - +0 ring mail
rPois   .            (no helmet)
rElec   .            (no cloak)
rCorr   .            q - +0 pair of gloves
SInv    .            (no boots)
Will    .....        (no amulet)
Stlth   +            F - ring of protection from cold
HPRegen 0.29/turn    n - ring of magical power
MPRegen 0.22/turn

%: no passive effects
@: drained
A: high MP 1, forlorn, divine attributes
a: no special abilities


You were on level 7 of the Dungeon.
You visited 1 branch of the dungeon, and saw 7 of its levels.
You also visited: Sewer.

You collected 234 gold pieces.

Inventory:

Hand Weapons
 g - a +0 heavy spear
 y - a +5 whip (weapon)
Missiles
 C - 14 poisoned darts
Armour
 q - a +0 pair of gloves (worn)
 s - a +0 leather armour of poison resistance
 E - a +0 ring mail (worn)
 L - the +0 scale mail "Rotoloko" {Str+2}
   (You found it on level 6 of the Dungeon)

   Str:       It affects your strength (+2).
Magical Staves
 k - a staff of cold
Jewellery
 h - a ring of positive energy
 n - a ring of magical power (right hand)
 o - a ring of positive energy
 F - a ring of protection from cold (left hand)
 J - a ring of fire
Wands
 H - a wand of charming (4)
 I - a wand of mindburst (14)
Scrolls
 b - 3 scrolls of teleportation {unknown}
 c - 6 scrolls of identify {unknown}
 f - a scroll of enchant weapon {unknown}
 i - a scroll of fog {unknown}
 j - a scroll of torment {unknown}
 m - a scroll of blinking {unknown}
 p - a scroll of immolation {unknown}
 t - a scroll of noise {unknown}
 D - a scroll of enchant armour {unknown}
 K - a scroll of poison {unknown}
Potions
 a - a potion of ambrosia {unknown}
 d - 2 potions of lignification {unknown}
 e - 4 potions of heal wounds
 l - a potion of invisibility {unknown}
 r - 5 potions of flight {unknown}
 u - a potion of mutation {unknown}
 v - a potion of berserk rage {unknown}
 w - 2 potions of haste {unknown}
 x - 2 potions of resistance {unknown}
 z - a potion of magic
 A - a potion of cancellation {unknown}
 B - 3 potions of might {unknown}
 G - a potion of curing


   Skills:
 - Level 1.7 Dodging
 - Level 1.7 Stealth
 + Level 7.1 Spellcasting
 + Level 8.4 Conjurations


You had 11 spell levels left.
You knew the following spells:

 Your Spells              Type           Power      Damage    Failure   Level
a - Magic Dart            Conj           100%       1d8       1%          1
b - Searing Ray           Conj           100%       2d8       1%          2
c - Iskenderun's Mystic   Conj/Tloc      33%        2d8       30%         4
d - Stone Arrow           Conj/Erth      66%        3d11      9%          3

Your spell library contained the following spells:

 Spells                   Type           Power      Damage    Failure   Level
 Dazzling Flash           Conj/Hex       66%        N/A       9%          3
 Ensorcelled Hibernation  Hex/Ice        18%        N/A       26%         2
 Passwall                 Tmut/Erth      7%         N/A       26%         2
 Fulminant Prism          Conj/Hex       16%        3d10      30%         4
 Call Canine Familiar     Summ           9%         N/A       45%         3
 Portal Projectile        Hex/Tloc       18%        N/A       45%         3
 Swiftness                Air            9%         N/A       45%         3
 Animate Armour           Summ/Erth      18%        N/A       86%         4
 Leda's Liquefaction      Hex/Erth       4%         N/A       86%         4
 Lehudib's Crystal Spear  Conj/Erth      16%        10d5      100%        8


Dungeon Overview and Level Annotations

Branches:
Dungeon (7/15)             Temple (0/1) D:4           Sewer (visited)

Shops:
D:6 :

Annotations:
D:3 3 runed translucent doors, Jimmdoggo's ghost, amateur DgFi
D:6 2 transporters, Pyropingo's ghost, novice DsBe


Innate Abilities, Weirdness & Mutations

You have an increased reservoir of magic. (+10% MP)
You shall have no god before yourself.
Your divine heritage dramatically boosts your attributes as you level up.


Message History

Unknown command.
You take 10 damage, and have 37/54 hp.
You now have 24/31 mp.
There are monsters nearby!
Casting: Magic Dart (safe; 1% risk of failure)
Confirm with . or Enter, or press ? or * to list all spells.
Aiming: Magic Dart (safe; 1% risk of failure)
Press: ? - help, Shift-Dir - straight line, f/p - orc warrior
Aim: an orc warrior, wielding a +1 arbalest of draining and wearing a +0 chain mail (moderately wounded, 100% to hit)
The magic dart hits the white imp.
The white imp is heavily wounded.
A steam dragon comes into view.
There are monsters nearby!
Casting: Magic Dart (safe; 1% risk of failure)
Confirm with . or Enter, or press ? or * to list all spells.
Aiming: Magic Dart (safe; 1% risk of failure)
Press: ? - help, Shift-Dir - straight line, f/p - orc warrior
Aim: an orc warrior, wielding a +1 arbalest of draining and wearing a +0 chain mail (moderately wounded, 100% to hit)
The magic dart hits the white imp.
The white imp is almost dead.
The steam dragon hisses angrily.
An orc comes into view. It is wielding a +0 hand axe.
You now have 23/31 mp.
Casting: Magic Dart (safe; 1% risk of failure)
Confirm with . or Enter, or press ? or * to list all spells.
Aiming: Searing Ray (safe; 1% risk of failure)
Press: ? - help, Shift-Dir - straight line, p - orc warrior The searing ray hits the white imp.
You kill the white imp! (Press . to maintain the ray.)
The orc shouts!
You hear a shout!
The steam dragon breathes steam at you. The ball of steam hits you!
You hear a shout!
You hear an angry buzzing noise.
You take 12 damage, and have 25/54 hp.
MASSIVE DAMAGE!!
You now have 21/31 mp.
The searing ray hits the orc priest!
The orc priest is almost dead.
You are engulfed in a cloud of scalding steam.
* * * LOW HITPOINT WARNING * * *
The orc warrior shoots a bolt.
The bolt hits you!!
You die...

### ####
##....
##.?.###......
#.............
#....@...#
#.....§§##
#)......§..
#........o.Do
###..#...o...
### ...#...
#####). #.


You could see an orc warrior and an orc priest.

Vanquished Creatures
  A water moccasin (D:6)
  Duvessa (D:5)
  An ice beast (D:6)
  2 ogres
  3 phantoms
  2 kobold brigands (Sewer)
  5 scorpions
  Dowan (D:5)
  A howler monkey (D:6)
  4 hounds
  3 orc priests (D:6)
  4 jellies
  A sleepcap (D:5)
  2 iguanas (D:5)
  8 gnolls
  4 adders
  3 white imps
  An ufetubus (D:5)
  2 dart slugs (D:2)
  3 worms
  11 orcs
  9 endoplasms
  5 giant cockroaches
  5 goblins
  5 hobgoblins
  4 jackals (D:2)
  9 quokkas
  7 ball pythons
  5 bats
  4 frilled lizards
  26 kobolds
  7 rats
149 creatures vanquished.

Vanquished Creatures (others)
  A kobold (D:3)
1 creature vanquished.

Grand Total: 150 creatures vanquished

Notes
Turn   | Place    | Note
-------+----------+-------------------------------------------
     0 | D:1      | spardeous the Demigod Conjurer began the quest for the Orb.
     0 | D:1      | Reached XP level 1. HP: 14/14 MP: 5/5
   416 | D:1      | Reached XP level 2. HP: 20/20 MP: 1/7
   896 | D:2      | Learned a level 2 spell: Searing Ray
   977 | D:2      | Reached skill level 4 in Conjurations
  1122 | D:2      | Reached XP level 3. HP: 26/26 MP: 3/9
  1960 | D:2      | Reached XP level 4. HP: 33/33 MP: 9/11
  3017 | D:2      | Learned a level 4 spell: Iskenderun's Mystic Blast
  3129 | D:3      | Found a runed translucent gate.
  3129 | D:3      | Found a runed translucent gate.
  3131 | D:3      | Found a runed translucent gate.
  3134 | D:3      | Noticed Jimmdoggo's ghost (amateur DgFi)
  3223 | D:3      | Noticed a phantom
  3241 | D:3      | Killed a phantom
  3242 | D:3      | Reached skill level 5 in Conjurations
  3242 | D:3      | Reached XP level 5. HP: 33/38 MP: 7/13
  3309 | D:3      | Found a glowing drain.
  3397 | Sewer    | Entered a sewer
  3641 | Sewer    | Reached XP level 6. HP: 32/45 MP: 15/15
  4780 | D:4      | Reached skill level 6 in Conjurations
  4927 | D:4      | Reached skill level 5 in Spellcasting
  4927 | D:4      | Reached XP level 7. HP: 50/50 MP: 17/17
  5504 | D:4      | Found a staircase to the Ecumenical Temple.
  6147 | D:4      | Found a staircase to the Ecumenical Temple.
  6868 | D:5      | Entered Level 5 of the Dungeon
  6894 | D:5      | Reached skill level 7 in Conjurations
  7066 | D:5      | Noticed Dowan
  7558 | D:5      | Noticed Duvessa
  7716 | D:5      | Killed Duvessa
  7760 | D:5      | Killed Dowan
  7761 | D:5      | Reached XP level 8. HP: 52/57 MP: 20/20
  8745 | D:6      | Learned a level 3 spell: Stone Arrow
  8755 | D:6      | Reached skill level 8 in Conjurations
  8839 | D:6      | Noticed Pyropingo's ghost (novice DsBe)
  8840 | D:6      | Found a transporter.
  8856 | D:6      | Found a transporter.
  9012 | D:6      | Noticed a +0 dagger
  9013 | D:6      | Noticed a +0 hand axe
  9030 | D:6      | Identified the +0 scale mail "Rotoloko" {Str+2}
  9497 | D:6      | Found Ykkos's Book Emporium.
  9801 | D:7      | Shot with a bolt by an orc warrior

Illustrated notes

Levels and vault maps discovered:
D:1:      tarquinn_simple_flora_water_d, layout_basic,
          shapermc_ecumenical_altar_venn, chequers_decorated_corner
D:2:      layout_basic, grunt_ministairs_8
D:3:      layout_rooms, grunt_qazlal_sundering, xom_teletrap_fun,
          gammafunk_temple_overflow_wave, gammafunk_ghost_necromancy,
          portal_sewer_entry_f, minmay_curled_crystal, lemuel_flame_loot_1
D:4:      layout_gridville, minmay_temple_entry_trees, dreamdust_princess_bridge
D:5:      minmay_bubble_buster, layout_basic, chequers_serial_rivers_micro_b,
          uniq_duvessa
D:6:      layout_cave_pods, dancing_weapons_uskayaw, serial_shops,
          nicolae_shop_back_alley_shop, gammafunk_ghost_arena
D:7:      layout_cave_pools

Skill      XL: |  1  2  3  4  5  6  7  8 |
---------------+-------------------------+-----
Spellcasting   | 2 3 4 5 6 7 |  7.1
Conjurations   | 4 5 6 7 8 |  8.4
Dodging        | |  1.7
Stealth        | |  1.7

Action                     |  1- 3 |  4- 6 |  7- 9 || total
---------------------------+-------+-------+-------++-------
  Melee: Unarmed           |     4 |       |       ||     4
   Cast: Magic Dart        |    94 |    75 |   110 ||   279
         Searing Ray       |       |    13 |    29 ||    42
         Iskenderun's Myst |       |       |     4 ||     4
    Use: Potion            |       |     2 |       ||     2
 Armour: Robe              |     3 |       |       ||     3
         Leather armour    |       |     5 |       ||     5
         Ring mail         |       |       |    21 ||    21
  Dodge: Dodged            |    14 |    19 |    38 ||    71
